 Dungeon Sprint DCSS version 0.30-a0-605-gb2882149bf (webtiles) character file.

Game seed: 1060474358908047039

33727 mhtbhm the Wrestler (level 13, -6/124 HPs)
             Began as a Troll Transmuter on Jan 7, 2023.
             Was an Initiate of Gozag.
             Mangled by an orc warlord
             ... wielding a +0 glaive
              (32 damage)
             ... in the Dungeon (Sprint VII: "The Pits").
             The game lasted 00:09:46 (2855 turns).

mhtbhm the Wrestler (Troll Transmuter)              Turns: 2855, Time: 00:09:47

Health: -6/124     AC: 16    Str: 25    XL:     13   Next: 38%
Magic:  21/25      EV: 13    Int:  9    God:    Gozag
Gold:   2684       SH:  5    Dex: 10    Spells: 16/31 levels left

rFire   . . .      SeeInvis .      - Unarmed
rCold   . . .      Faith    .    (shield currently unavailable)
rNeg    . . .      Spirit   .    a - +0 robe
rPois   .          Reflect  +    (helmet restricted)
rElec   .          Harm     .    p - +0 cloak
rCorr   .          Rampage  .    (gloves unavailable)
Will    .....      NoTele   +    (boots unavailable)
Stlth   +++                      r - amulet of reflection
HPRegen 1.20/turn                l - +3 ring of protection
MPRegen 0.19/turn                q - ring of the Tortoise {AC+8}

@: blade hands (expiring), wereblooded, gold aura, studying Summonings,
invisible
A: large, unfitting armour, claws 3, regeneration 1, shaggy fur 1, tough skin 1
a: End Transformation, Renounce Religion, Potion Petition, Call Merchant, Bribe
Branch


You were in the Dungeon.
You worshipped Gozag.
Gozag was most pleased with you.
You had blades for hands.
You visited 1 branch You collected 9723 gold pieces.
You spent 3582 gold pieces at shops.
You paid 3457 gold pieces to Gozag.

Inventory:

Missiles
 z - a curare-tipped dart
Armour
 a - a +0 robe (worn)
 p - a +0 cloak (worn)
Jewellery
 l - a +3 ring of protection (left blade hand)
 m - a ring of resist corrosion
 q - the ring of the Tortoise (right blade hand) {AC+8}
   (You bought it in a shop in the Dungeon)

   [ring of protection]

   AC:        It affects your AC (+8).
 r - an amulet of reflection (around neck)
 s - a ring of poison resistance
 y - the ring "Kabbeffo" {*Corrode rC+ rN+ Str+4}
   (You found it in the Dungeon)

   [ring of protection from cold]

   Str:       It affects your strength (+4).
   rC:        It protects you from cold.
   rN:        It protects you from negative energy.
   *Corrode:  It may corrode you when you take damage.
 B - the amulet of Naxeute {Regen+ Int+2}
   (You took it off a deep elf sorcerer in the Dungeon)

   [amulet of regeneration]

   Int:       It affects your intelligence (+2).
   Regen:     It increases your rate of health regeneration.
Scrolls
 h - 3 scrolls of blinking
 j - 5 scrolls of amnesia
 k - a scroll of summoning
 t - 2 scrolls of enchant armour
 u - a scroll of fog
 v - 6 scrolls of enchant weapon
 w - a scroll of identify
Potions
 b - a potion of lignification
 c - 8 potions of curing
 d - 18 potions of heal wounds
 e - a potion of haste
 f - 4 potions of magic
 g - 5 potions of berserk rage
 i - a potion of invisibility
 n - 3 potions of brilliance
 o - 2 potions of mutation
 A - a potion of ambrosia {unknown}
Miscellaneous
 x - a phantom mirror


   Skills:
 + Level 7.0 Fighting
 + Level 11.6 Dodging
 + Level 5.0 Stealth
 + Level 6.2 Shields
 + Level 23.3 Unarmed Combat
 + Level 9.7 Spellcasting
 + Level 10.5 Transmutations
 + Level 5.8 Ice Magic
 + Level 0.5 Poison Magic
 + Level 1.3 Evocations


You had 16 spell levels left.
You knew the following spells:

 Your Spells              Type           Power      Damage    Failure   Level
a - Beastly Appendage     Tmut           46%        N/A       9%          1
b - Wereblood             Tmut           23%        N/A       10%         2
c - Spider Form           Tmut/Pois      14%        N/A       32%         3
d - Ice Form              Ice/Tmut       19%        N/A       34%         4
e - Blade Hands           Tmut           11%        N/A       34%         5

Your spell library contained the following spells:

 Spells                   Type           Power      Damage    Failure   Level
 Portal Projectile        Hex/Tloc       8%         N/A       82%         3
 Summon Guardian Golem    Hex/Summ       4%         N/A       82%         3
 Tukima's Dance           Hex            4%         N/A       82%         3
 Iskenderun's Mystic Bla  Conj/Tloc      4%         2d3       98%         4
 Freezing Cloud           Conj/Ice/Air   3%         6-21      99%         5
 Conjure Ball Lightning   Conj/Air       2%         3x3d6     100%        6
 Haunt                    Necr/Summ      2%         N/A       100%        7
 Orb of Destruction       Conj           2%         9d5       100%        7
 Spellforged Servitor     Conj/Summ      2%         N/A       100%        7
 Infestation              Necr           2%         N/A       100%        8
 Animate Dead             Necr           Unusable   N/A       N/A         4

Dungeon Overview and Level Annotations

Branches:
Dungeon (1/1)

Altars:
Ashenzari
Cheibriados
Dithmenos
Elyvilon
Fedhas
Gozag
Hepliaklqana
Kikubaaqudgha
Makhleb
Nemelex Xobeh
Okawaru
Qazlal
Ru
Sif Muna
Trog
Uskayaw
Vehumet
Wu Jian
Xom
Yredelemnul
Zin
The Shining One
Jiyva
Lugonu

Shops:
D :*=:


Innate Abilities, Weirdness & Mutations

You have blades for hands.
Your spellcasting is less reliable in this form.
You are incapable of wielding weapons or throwing items.
You are too large for most types of armour.
You have claws for hands.
Your natural rate of healing is unusually fast.
You are covered in fur. (AC +1)
You have tough skin. (AC +1)


Message History

The orc knight is engulfed in calcifying dust.
The orc knight shouts!
The orc warlord shouts!
You shred something!!!
You feel a bit better.
Reactivating autopickup.
You feel a bit more experienced.
Your Stealth skill increases to level 5!
You catch the helpless orc knight completely off-guard!
You hit the orc knight but do no damage.
The orc knight shouts!
Your catoblepas shimmers and vanishes!
The orc knight is engulfed in calcifying dust.
You shred the orc knight!!!
The orc knight is severely wounded.
You strike the helpless orc knight from behind!
You shred the orc knight!!!
You feel a bit better.
You kill the orc knight!
Your transformation is almost over.
The orc knight is no longer distracted by gold.
The orc knight is distracted by your dazzling golden aura.
The orc knight roars a battlecry!
The orcs go into a battle-frenzy!
The orc knight shouts!
An orc knight comes into view. It is wielding a +3 long sword.
The orc warlord is no longer distracted by gold.
The orc knight hits you but does no damage.
You shred the orc knight!!! You slash the orc knight!
The orc knight is severely wounded.
You completely miss the orc knight.
You slash the orc knight, but do no damage.
The orc knight is severely wounded.
The orc knight hits you with a +0 war axe!!
The orc knight is distracted by your dazzling golden aura.
You barely miss the orc knight. You slash the orc knight!
The orc knight is almost dead.
The orc knight is distracted by your dazzling golden aura.
The orc warlord hits you with a +0 war axe!!
* * * LOW HITPOINT WARNING * * *
The orc warlord hits you from afar with a +0 glaive!!
You die...
Your body crumbles into a pile of gold.

#''#
#''##############################
#...............[................
#................................
#..##############''##############
#[.# #.....$..# # #..# #....$...#
# #..# ####..#### # #..#
#.o@oo.o.# # #..#
.......oo....... # #..#
o...#..oo....#.. # #∩.# +##
####..#### # # ...# #### # ...#
#### ###############
...........'..#


You could see 2 orc warlords and 7 orc knights.

Vanquished Creatures
  A Brimstone Fiend (D)
  An electric golem (D)
  A nagaraja (D)
  A deep elf sorcerer (D)
  2 ghost moths (D)
  An ophan (D)
  2 vampire knights (D)
  An ice dragon (D)
  A death knight (D)
  A vampire mage (D)
  Sonja (D)
  3 hell hogs (D)
  An iron troll (D)
  2 sea snakes (D)
  A sixfirhy (D)
  5 skeletal warriors (D)
  2 deep trolls (D)
  2 flayed ghosts (D)
  A bog body (D)
  A phantasmal warrior (D)
  A swamp dragon (D)
  A lindwurm (D)
  A glowing orange brain (shapeshifter) (D)
  2 deep elf zephyrmancers (D)
  3 orc knights (D)
  A manticore (D)
  A cyclops (D)
  Joseph (D)
  An eye of devastation (D)
  2 gargoyles (D)
  A cane toad (D)
  2 komodo dragons (D)
  A large abomination (D)
  An unseen horror (D)
  3 rime drakes (D)
  A smoke demon (D)
  2 kobold demonologists (D)
  A red devil (D)
  A tyrant leech (D)
  A hornet (D)
  A tarantella (D)
  A jumping spider (D)
  A slime creature (D)
  A flying skull (D)
  A ynoxinul (D)
  2 wraiths (D)
  2 basilisks (D)
  A steam dragon (D)
  Grum (D)
  A warg (D)
  2 small abominations (D)
  A water moccasin (D)
  2 sky beasts (D)
  A black bear (D)
  2 orc warriors (D)
  An ogre (D)
  A wolf (D)
  A phantom (D)
  A kobold brigand (D)
  A necrophage (D)
  A scorpion (D)
  8 wights (D)
  3 killer bees (D)
  A crimson imp (D)
  A hound (D)
  A quasit (D)
  An orc priest (D)
  2 jellies (D)
  An orc wizard (D)
  A mummy (D)
  A gnoll (D)
  A river rat (D)
  A white imp (D)
  A worm (D)
  10 orcs (D)
  An endoplasm (D)
  A hobgoblin (D)
  3 jackals (D)
  A quokka (D)
  A bat (D)
  A frilled lizard (D)
  3 kobolds (D)
129 creatures vanquished.

Vanquished Creatures (collateral kills)
  A catoblepas (D)
  2 orc warriors (D)
  2 orcs (D)
5 creatures vanquished.

Grand Total: 134 creatures vanquished

Notes
Turn   | Place    | Note
-------+----------+-------------------------------------------
     0 | D        | mhtbhm the Troll Transmuter began the quest for the Orb.
     0 | D        | Reached XP level 1. HP: 18/18 MP: 1/1
    16 | D        | Found a bloodstained altar of Trog.
    16 | D        | Found a shimmering blue altar of Sif Muna.
    16 | D        | Found a viscous altar of Jiyva.
    16 | D        | Found a hazy altar of Hepliaklqana.
    16 | D        | Found an opulent altar of Gozag.
    17 | D        | Found a glowing golden altar of the Shining One.
    17 | D        | Found a glowing silver altar of Zin.
    17 | D        | Found a basalt altar of Yredelemnul.
    17 | D        | Found a shimmering altar of Xom.
    17 | D        | Found an ornate altar of the Wu Jian Council.
    17 | D        | Found a sacrificial altar of Ru.
    17 | D        | Found a stormy altar of Qazlal.
    17 | D        | Found an iron altar of Okawaru.
    17 | D        | Found a sparkling altar of Nemelex Xobeh.
    17 | D        | Found a burning altar of Makhleb.
    17 | D        | Found a blossoming altar of Fedhas.
    17 | D        | Found a white marble altar of Elyvilon.
    17 | D        | Found a shadowy altar of Dithmenos.
    17 | D        | Found a snail-covered altar of Cheibriados.
    19 | D        | Found a radiant altar of Vehumet.
    19 | D        | Found a corrupted altar of Lugonu.
    20 | D        | Found a hide-covered altar of Uskayaw.
    20 | D        | Found an ancient bone altar of Kikubaaqudgha.
    20 | D        | Found a broken altar of Ashenzari.
    26 | D        | Became a worshipper of Gozag Ym Sagoz the Greedy
    94 | D        | Reached skill level 4 in Unarmed Combat
    94 | D        | Reached XP level 2. HP: 13/26 MP: 1/3
   113 | D        | Learned a level 2 spell: Wereblood
   117 | D        | Noticed a sky beast
   144 | D        | Killed a sky beast
   145 | D        | Reached skill level 1 in Fighting
   145 | D        | Reached skill level 7 in Unarmed Combat
   145 | D        | Reached XP level 3. HP: 29/33 MP: 3/6
   145 | D        | Reached XP level 4. HP: 36/41 MP: 3/7
   204 | D        | Learned a level 3 spell: Spider Form
   225 | D        | Reached XP level 5. HP: 36/48 MP: 5/8
   226 | D        | Noticed a warg
   226 | D        | Noticed an orc warrior
   226 | D        | Noticed a water moccasin
   230 | D        | Reached skill level 8 in Unarmed Combat
   243 | D        | Killed a water moccasin
   244 | D        | Reached skill level 9 in Unarmed Combat
   244 | D        | Reached XP level 6. HP: 38/55 MP: 6/10
   252 | D        | Killed a warg
   253 | D        | Reached skill level 10 in Unarmed Combat
   264 | D        | Killed an orc warrior
   265 | D        | Reached skill level 5 in Dodging
   332 | D        | Learned a level 4 spell: Ice Form
   359 | D        | Noticed a kobold demonologist
   360 | D        | Noticed a rust devil
   368 | D        | Killed a kobold demonologist
   369 | D        | Reached skill level 11 in Unarmed Combat
   369 | D        | Reached skill level 5 in Transmutations
   369 | D        | Reached XP level 7. HP: 60/65 MP: 5/12
   433 | D        | Reached skill level 1 in Stealth
   433 | D        | Reached skill level 12 in Unarmed Combat
   437 | D        | Reached XP level 8. HP: 48/74 MP: 7/14
   449 | D        | Noticed a manticore
   452 | D        | Reached skill level 1 in Ice Magic
   455 | D        | Killed a manticore
   456 | D        | Reached skill level 13 in Unarmed Combat
   456 | D        | Reached skill level 5 in Spellcasting
   771 | D        | Noticed a gargoyle
   772 | D        | Noticed a bog body
   781 | D        | Killed a bog body
   782 | D        | Reached skill level 14 in Unarmed Combat
   782 | D        | Reached XP level 9. HP: 83/83 MP: 10/16
   787 | D        | Killed a gargoyle
   790 | D        | Noticed a komodo dragon
   790 | D        | Noticed a komodo dragon
   796 | D        | Killed a komodo dragon
   800 | D        | Killed a komodo dragon
   801 | D        | Reached skill level 15 in Unarmed Combat
   844 | D        | Noticed a rime drake
   844 | D        | Noticed a tyrant leech
   847 | D        | Killed a rime drake
   853 | D        | Killed a tyrant leech
   899 | D        | Noticed a sea snake
   913 | D        | Killed a sea snake
   914 | D        | Reached XP level 10. HP: 84/93 MP: 8/18
   915 | D        | Noticed a sea snake
   921 | D        | Killed a sea snake
   922 | D        | Reached skill level 16 in Unarmed Combat
   969 | D        | Noticed Sonja
   974 | D        | Killed Sonja
  1043 | D        | Noticed a deep elf zephyrmancer
  1043 | D        | Noticed a phantasmal warrior
  1046 | D        | Killed a phantasmal warrior
  1047 | D        | Reached skill level 17 in Unarmed Combat
  1052 | D        | Killed a deep elf zephyrmancer
  1183 | D        | Noticed an eye of devastation
  1190 | D        | Killed an eye of devastation
  1205 | D        | Noticed an ophan
  1211 | D        | Killed an ophan
  1212 | D        | Reached XP level 11. HP: 75/101 MP: 17/21
  1217 | D        | Reached skill level 18 in Unarmed Combat
  1261 | D        | Bought the ring of the Tortoise {AC+8} for 2176 gold pieces
  1261 | D        | Found the ring of the Tortoise {AC+8}
  1261 | D        | Bought an amulet of reflection for 510 gold pieces
  1281 | D        | Noticed a flayed ghost
  1283 | D        | Noticed a ghost moth
  1284 | D        | Killed a ghost moth
  1285 | D        | Reached skill level 5 in Fighting
  1292 | D        | Noticed a deep troll
  1300 | D        | Killed a deep troll
  1311 | D        | Killed a flayed ghost
  1312 | D        | Reached skill level 19 in Unarmed Combat
  1419 | D        | Found the +7 sceptre of Torment {pain, torment}
  1561 | D        | Noticed a flayed ghost
  1569 | D        | Killed a flayed ghost
  1597 | D        | Bought a phantom mirror for 560 gold pieces
  1602 | D        | Noticed a deep elf zephyrmancer
  1613 | D        | Killed a deep elf zephyrmancer
  1614 | D        | Reached skill level 1 in Shields
  1614 | D        | Reached skill level 5 in Ice Magic
  1617 | D        | Noticed an ice dragon
  1629 | D        | Noticed a hell hog
  1629 | D        | Noticed Joseph
  1630 | D        | Noticed a hell hog
  1630 | D        | Noticed a hell hog
  1635 | D        | Killed a hell hog
  1643 | D        | Killed an ice dragon
  1650 | D        | Killed a hell hog
  1651 | D        | Reached skill level 20 in Unarmed Combat
  1651 | D        | Killed a hell hog
  1656 | D        | Killed Joseph
  1947 | D        | Noticed a vampire knight
  1961 | D        | Reached XP level 12. HP: 58/113 MP: 18/23
  1963 | D        | Killed a vampire knight
  2190 | D        | Got the ring "Kabbeffo" {*Corrode rC+ rN+ Str+4}
  2193 | D        | Got the Quarto of Trauma
  2238 | D        | Bought a book of Weapons for 336 gold pieces
  2244 | D        | Learned a level 5 spell: Blade Hands
  2314 | D        | Noticed an electric golem
  2324 | D        | Killed an electric golem
  2330 | D        | Noticed a Brimstone Fiend
  2333 | D        | Killed a Brimstone Fiend
  2334 | D        | Reached skill level 10 in Dodging
  2334 | D        | Reached skill level 5 in Shields
  2334 | D        | Reached skill level 21 in Unarmed Combat
  2571 | D        | Noticed Grum
  2574 | D        | Noticed a vampire mage
  2584 | D        | Killed a vampire mage
  2639 | D        | Noticed a nagaraja
  2649 | D        | Killed a nagaraja
  2655 | D        | Reached skill level 1 in Evocations
  2657 | D        | Killed Grum
  2658 | D        | Identified the +2 hand crossbow "Facuf" {heavy, Fragile
                  | Int+10}
  2658 | D        | Noticed a death knight
  2661 | D        | Killed a death knight
  2662 | D        | Reached skill level 10 in Transmutations
  2664 | D        | Identified the amulet of Naxeute {Regen+ Int+2}
  2664 | D        | Noticed a deep elf sorcerer
  2669 | D        | Reached skill level 22 in Unarmed Combat
  2669 | D        | Reached XP level 13. HP: 123/123 MP: 15/25
  2672 | D        | Killed a deep elf sorcerer
  2683 | D        | Noticed a vampire knight
  2694 | D        | Killed a vampire knight
  2836 | D        | Noticed an orc warlord
  2836 | D        | Noticed an orc warlord
  2840 | D        | Reached skill level 23 in Unarmed Combat
  2848 | D        | Killed a ghost moth
  2849 | D        | Reached skill level 5 in Stealth
  2855 | D        | Mangled by an orc warlord

Illustrated notes

Levels and vault maps discovered:
D:        pitsprint [storerooms_1, entrance_room_1, metal_vault_5, armoury_2,
          mini_pit_1, grid_room_1, main_hall_1, silver_pit, the_coven_3,
          the_vestibule_1, steel_vault_3, golden_pit, hallway_of_sentries,
          crystal_vault_5, iron_vault_1, final_vault]

Skill      XL: |  1  2  3  4  5  6  7  8  9 10 11 12 13 |
---------------+----------------------------------------+-----
Dodging        | 2 3 4 5 6 7 8 9 11 | 11.6
Unarmed Combat | 4 7 9 11 12 14 15 17 20 22 23 | 23.3
Transmutations | 3 4 5 6 8 9 10 | 10.5
Spellcasting   | 2 3 4 5 6 7 8 9 |  9.7
Fighting       | 1 2 3 4 5 6 7 |  7.0
Stealth        | 1 2 3 4 5 |  5.0
Ice Magic      | 1 3 4 5 |  5.8
Shields        | 2 5 6 |  6.2
Evocations     | 1 |  1.3
Poison Magic   | |  0.5

Action                   |  1- 3 |  4- 6 |  7- 9 | 10-12 | 13-15 || total
-------------------------+-------+-------+-------+-------+-------++-------
Melee: Unarmed           |    34 |    51 |    65 |   222 |    59 ||   431
       Punch             |     1 |     1 |       |     4 |     6 ||    12
       Kick              |     2 |     1 |       |       |       ||     3
       Headbutt          |       |     1 |       |       |       ||     1
 Cast: Beastly Appendage |     3 |     1 |       |       |       ||     4
       Wereblood         |     1 |     2 |     4 |    11 |     1 ||    19
       Ice Form          |       |     1 |     4 |     9 |       ||    14
       Spider Form       |       |     1 |       |       |       ||     1
       Blade Hands       |       |       |       |     3 |     1 ||     4
Invok: Call Merchant     |       |       |       |     3 |     1 ||     4
Evoke: Phantom mirror    |       |       |       |     2 |     1 ||     3
  Use: Potion            |     1 |     3 |       |     4 |     1 ||     9
 Stab: Distracted        |       |     1 |     1 |     1 |     2 ||     5
       Sleeping          |       |       |       |     3 |       ||     3
       Invisible         |       |       |       |       |     3 ||     3
Armor: Robe              |    11 |     2 |       |    41 |     8 ||    62
       Skin              |       |     1 |    15 |    50 |     1 ||    67
Dodge: Dodged            |    12 |    21 |    24 |   114 |    10 ||   181
Block: Other             |       |       |       |    42 |     5 ||    47

Table legend: (Time is in decaauts)
 A = Elapsed time spent in this place.
 B = Non-inter-level travel time spent in this place.
 C = Inter-level travel time spent in this place.
 D = Time resting spent in this place.
 E = Time spent auto-exploring this place.
 F = Levels seen in this place.
 G = Mean time per level.
                   A        B        C        D        E       F      G
               +--------+--------+--------+--------+--------+-----+--------+
         Total |   2733 |   2733 |      0 |   1145 |      0 |   1 | 2733.0 |
       Dungeon |   2733 |   2733 |      0 |   1145 |      0 |   1 | 2733.0 |
               +--------+--------+--------+--------+--------+-----+--------+

Top non-repeatable levels by time:
       D: 2733 daAuts
